 Dungeon Crawl Stone Soup version 0.30-b1-2-g02819fbbbe (webtiles) character file.

Game seed: 8290173438025317394

221 Flugkiller the Chopper (level 5, -2/46 (47) HPs)
             Began as a Minotaur Fighter on May 8, 2023.
             Succumbed to Crazy Yiuf's poison
             ... on level 2 of the Dungeon.
             The game lasted 00:00:51 (1081 turns).

Flugkiller the Chopper (Minotaur Fighter)           Turns: 1081, Time: 00:00:52

HP:   -2/46 (47)    AC:  8    Str: 22    XL:     5   Next: 65%
MP:   4/4           EV:  9    Int:  5    God:
Gold: 104           SH:  4    Dex: 10    Spells: 4/4 levels left

rFire   . . .        a - +0 war axe
rCold   . . .        c - +0 buckler
rNeg    . . .        b - +0 scale mail
rPois   .            (helmet restricted)
rElec   .            (no cloak)
rCorr   .            (no gloves)
SInv    .            i - +0 pair of boots
Will    .....        (no amulet) Stlth
                     (no ring)
HPRegen 0.27/turn    (no ring)
MPRegen 0.09/turn

%: no passive effects
@: lethally poisoned (-2 -> -11), lightly drained
A: horns 2, retaliatory headbutt
a: no special abilities


You were on level 2 of the Dungeon.
You visited 1 branch of the dungeon, and saw 2 of its levels.

You collected 104 gold pieces.

Inventory:

Hand Weapons
 a - a +0 war axe (weapon)
Armour
 b - a +0 scale mail (worn)
 c - a +0 buckler (worn)
 i - a +0 pair of boots (worn)
   (You found it on level 1 of the Dungeon)
Scrolls
 e - a scroll of noise
 f - 2 scrolls of fog
 h - a scroll of amnesia {unknown}
 k - a scroll of silence {unknown}
Potions
 d - 2 potions of might
 g - a potion of heal wounds {unknown}
 j - a potion of flight {unknown}


   Skills:
 + Level 4.7 Fighting
 * Level 4.8 Axes
 + Level 4.7 Armour
 + Level 4.7 Shields


You had 4 spell levels left.
You didn't know any spells.
Your spell library was empty.

Dungeon Overview and Level Annotations

Branches:
Dungeon (2/15)

Altars:

Annotations:
D:2 Crazy Yiuf


Innate Abilities, Weirdness & Mutations

You have a pair of horns on your head.
You reflexively headbutt those who attack you in melee.


Message History

No target in view!
No target in view!
You see here 3 stones.
Found a quarterstaff.
Found a hand axe.
A frilled lizard comes into view.
Found an escape hatch in the ceiling.
The frilled lizard hisses angrily.
A frilled lizard is nearby!
Found a leather armour.
Found a stone staircase leading up.
A bat comes into view.
You hit the bat.
The bat is heavily wounded.
The bat hits you but does no damage.
The frilled lizard hisses.
You closely miss the bat. Your headbutt misses the bat.
The bat is heavily wounded.
You barely miss the frilled lizard. The bat hits you but does no damage.
The frilled lizard bites you but does no damage. x2
You slash the bat!
You kill the bat!
You completely miss the frilled lizard. The frilled lizard bites you.
You slash the frilled lizard!
You kill the frilled lizard!
No target in view!
No target in view!
No target in view!
k - a scroll labelled PUCRUEKHLE XYBA A ball python comes into view.
The ball python hisses angrily.
A ball python is nearby!
A ball python is nearby!
You slash the ball python!
You kill the ball python!
No target in view!
No target in view!
No target in view!
No target in view!
No target in view!
No target in view!
You see here a ball python corpse.
A frilled lizard comes into view.
The frilled lizard hisses angrily.
A frilled lizard is nearby!
A frilled lizard is nearby!
The frilled lizard bites you but does no damage.
You barely miss the frilled lizard. You block the frilled lizard's attack.
You slash the frilled lizard!
You kill the frilled lizard!
No target in view!
No target in view!
No target in view!
No target in view!
Found an escape hatch in the floor.
Found a book of Geomancy.
Found a hammer.
Found a runed translucent door.
No target in view!
No target in view!
No target in view!
No target in view!
Crazy Yiuf shouts!
Could not explore, unopened runed door.
Press: ? - help, v - describe, . - travel
Here: Crazy Yiuf, wielding a +2 quarterstaff of chaos and wearing a +0 cloak (fire blocked by a runed translucent door)
The floor.
As you open the door, it creaks loudly!
Crazy Yiuf says, "Ghoul King sing!"
You hit Crazy Yiuf.
Crazy Yiuf is moderately wounded.
Crazy Yiuf hits you but does no damage.
You closely miss Crazy Yiuf.
Crazy Yiuf is moderately wounded.
Crazy Yiuf hits you but does no damage.
You feel drained.
Crazy Yiuf hits you with a +2 quarterstaff of chaos!
You resist with some effort.
You hit Crazy Yiuf but do no damage. Your headbutt misses Crazy Yiuf.
Crazy Yiuf is moderately wounded.
Crazy Yiuf misses you. You furiously retaliate!
You headbutt Crazy Yiuf. You closely miss Crazy Yiuf. You headbutt Crazy Yiuf.
Crazy Yiuf is almost dead.
Crazy Yiuf hits you with a +2 quarterstaff of chaos!
You closely miss Crazy Yiuf.
Crazy Yiuf is almost dead.
You block Crazy Yiuf's attack.
You closely miss Crazy Yiuf.
Crazy Yiuf is almost dead.
Crazy Yiuf hits you with a +2 quarterstaff of chaos!
Crazy Yiuf burns you.
Crazy Yiuf hits you with a +2 quarterstaff of chaos.
* * * LOW HITPOINT WARNING * * *
Crazy Yiuf burns you.
* * * LOW HITPOINT WARNING * * *
You closely miss Crazy Yiuf.
Crazy Yiuf is almost dead.
Crazy Yiuf hits you with a +2 quarterstaff of chaos!
* * * LOW HITPOINT WARNING * * *
You are lethally poisoned!
You hit Crazy Yiuf.
Crazy Yiuf is almost dead.
You die...

###♣♣♣♣♣ ##.#..♣.♣♣♣ ###
##......♣..♣#...# ##
#......♣♣♣♣@g...# .# #...#.♣♣
♣♣#..)# .# #.###♣♣ ### ># ##.#
.####..## ......:.#
###############
.#############.............######
.# #......##########....... .#
#......##############...


You could see Crazy Yiuf.

Vanquished Creatures
  Sigmund (D:2)
  3 dart slugs (D:2)
  3 bats
  5 endoplasms
  3 giant cockroaches
  6 goblins
  2 hobgoblins
  4 jackals (D:2)
  4 kobolds
  4 ball pythons
  3 frilled lizards (D:2)
  4 rats
42 creatures vanquished.

Notes
Turn   | Place    | Note
-------+----------+-------------------------------------------
     0 | D:1      | Flugkiller the Minotaur Fighter began the quest for the
                  | Orb.
     0 | D:1      | Reached XP level 1. HP: 19/19 MP: 0/0
   113 | D:1      | Reached XP level 2. HP: 27/27 MP: 1/1
   491 | D:2      | Noticed Sigmund
   563 | D:2      | Reached XP level 3. HP: 23/33 MP: 2/2
   579 | D:2      | Killed Sigmund
   580 | D:2      | Reached XP level 4. HP: 12/41 MP: 3/3
   580 | D:2      | Reached XP level 5. HP: 14/47 MP: 4/4
  1069 | D:2      | Found a runed translucent door.
  1070 | D:2      | Noticed Crazy Yiuf
  1080 | D:2      | HP: 1/46 [Crazy Yiuf/+2 quarterstaff of chaos (8)]
  1081 | D:2      | Succumbed to Crazy Yiuf's poison

Illustrated notes

Levels and vault maps discovered:
D:1:      minmay_arrival_hallway, layout_rooms
D:2:      layout_rooms, minmay_misc_feat_columns, uniq_crazy_yiuf_cottage,
          uniq_sigmund

Skill      XL: |  1  2  3 |
---------------+----------+-----
Axes           | 3 4 |  4.8
Fighting       | 4 |  4.7
Armour         | 4 |  4.7
Shields        | 4 |  4.7

Action                     |  1- 3 |  4- 6 || total
---------------------------+-------+-------++-------
  Melee: War axe           |    54 |    41 ||    95
         Headbutt          |     4 |     7 ||    11
    Use: Scroll            |     4 |       ||     4
         Potion            |     1 |       ||     1
 Armour: Scale mail        |    24 |    17 ||    41
  Dodge: Dodged            |    34 |     9 ||    43
  Block: Buckler           |    17 |     7 ||    24
